 Dungeon Crawl Stone Soup version 0.13-a0-2236-g7be3fc8 (webtiles) character file.

524 Kae the Ruinous (level 6, -5/32 HPs)
             Began as a Tengu Fire Elementalist on July 4, 2013.
             Killed from afar by Ijyb (6 damage)
             ... with a wand of flame
             ... on Level 4 of the Dungeon.
             The game lasted 00:09:39 (4786 turns).

Kae the Ruinous (Tengu Fire Elementalist)           Turns: 4786, Time: 00:09:39

HP  -5/32        AC  2     Str  8      XL: 6   Next: 42%
MP   9/14        EV 18     Int 18      God:
Gold 212         SH  0     Dex 19      Spells:  3 memorised,  4 levels left

Res.Fire  : . . .   See Invis. : .   x - +1,+0 mace (holy)
Res.Cold  : . . .   Warding    : .   a - +0 robe
Life Prot.: . . .   Conserve   : .   (no shield)
Res.Poison: .       Res.Corr.  : .   (helmet restricted)
Res.Elec. : .       Clarity    : .   (no cloak)
Sust.Abil.: . .     Spirit.Shd : .   (no gloves)
Res.Mut.  : .       Stasis     : .   (boots unavailable)
Res.Rott. : .       Flight     : .   (no amulet)
Saprovore : . . .                    (no ring)
                                     (no ring)

@: agile, slightly resistant to hostile enchantments, quite stealthy
A: able to fly, beak, talons 3
a: Fly


You were on level 4 of the Dungeon.
You were hungry.

You visited 1 branch of the dungeon, and saw 4 of its levels.

You collected 192 gold pieces.

Inventory:

Hand weapons
 d - a +1,+0 elven dagger (quivered)
 x - a +1,+0 mace of holy wrath (weapon)
Armour
 a - a +0 robe (worn)
Magical devices
 r - a wand of enslavement (15) {unknown}
 s - a wand of cold (10) {unknown}
 t - a wand of flame (11)
Comestibles
 c - 2 bread rations
 z - a beef jerky
 A - a chunk of bat flesh
Scrolls
 f - a scroll of blinking {unknown}
 g - a scroll of remove curse {unknown}
 i - a scroll of identify {unknown}
 m - 3 scrolls of fog {unknown}
 n - 2 scrolls of random uselessness {unknown}
 p - 3 scrolls of teleportation {unknown}
 q - a scroll of magic mapping {unknown}
 y - a scroll of enchant weapon II {unknown}
Potions
 e - a potion of agility
 h - 2 potions of curing {unknown}
 j - a potion of heal wounds {unknown}
 k - a potion of brilliance {unknown}
 l - a potion of flight {unknown}
 u - a potion of porridge {unknown}
 v - a potion of poison {unknown}
 w - a potion of coagulated blood
Books
 b - a book of Flames

   Spells                             Type                      Level
   *Flame Tongue                      Conjuration/Fire             1
   *Throw Flame                       Conjuration/Fire             2
   *Conjure Flame                     Conjuration/Fire             3
   Inner Flame                        Hexes/Fire                   3
   Sticky Flame                       Conjuration/Fire             4
   Fireball                           Conjuration/Fire             5
 o - a book of War Chants

   Spells                             Type                      Level
   Fire Brand                         Charms/Fire                  2
   Freezing Aura                      Charms/Ice                   2
   Shroud of Golubria                 Charms/Translocation         2
   Repel Missiles                     Charms/Air                   2
   Poison Weapon                      Charms/Poison                3
   Regeneration                       Charms/Necromancy            3


   Skills:
 - Level 2.1 Dodging
 - Level 2.0 Stealth
 + Level 2.9 Spellcasting
 * Level 5.3 Conjurations
 * Level 5.2 Fire Magic


You had 4 spell levels left.
You knew the following spells:

 Your Spells              Type           Power        Failure   Level  Hunger
a - Flame Tongue          Conj/Fire      ###..        1%          1    None
b - Throw Flame           Conj/Fire      ###...       2%          2    ##.....
c - Conjure Flame         Conj/Fire      ###.....     6%          3    ###....


Dungeon Overview and Level Annotations

Branches:
Dungeon (4/27)
 Temple: D:4-7

Altars:
Makhleb

Annotations
D:4 Ijyb, Menkaure, Pikel, Prince Ribbit


Innate Abilities, Weirdness & Mutations

You can fly.
You have a beak for a mouth.
You have claws for feet.


Message History

Press: ? - help, Shift-Dir - straight line, f - Ijyb
Aim: Ijyb wearing an orcish chain mail (resting)
The puff of flame hits Ijyb.
Ijyb is moderately wounded.
A kobold comes into view. It is wielding a dwarven short sword.
The kobold shouts!
Ijyb zaps a wand.
The puff of flame hits you!
Ijyb zaps a wand.
The puff of flame hits you!
One of your 2 scrolls labeled PUMUNUS SUAZIE catches fire!
Ijyb zaps a wand.
The puff of flame hits you!
* * * LOW HITPOINT WARNING * * *
Drink which item? (? for menu, Esc to quit)
You feel more agile all of a sudden.
It was a potion of agility.
Casting: Throw Flame
Confirm with . or Enter, or press ? or * to list all spells.
Aiming: Conjure Flame
Press: ? - help, Dir - move target cursor, p - Ijyb The fire roars!
Ijyb zaps a wand.
The puff of flame hits you!
You die...

.....#.##
#.########
###..#.#
#.##.(...#
.......##
#(##.....#
........#
#........#
......#.#
####.....#
###.###<#
#.....# ....#
#.# ####### .
##### #.#
#########....#
#.#
#....@§gK.....
# #.#
#.#######...##
# #.# #.# . #
#.# #.# #
#.####.# #
#......# #
########
#########
#.......#


You could see Ijyb and a kobold.

Vanquished Creatures
  3 slaves (D:4)
  An orc wizard (D:4)
  An iguana (D:4)
  2 worker ants
  Jessica (D:3)
  7 gnolls (D:2)
  2 adders
  3 worms
  4 giant geckos
  9 orcs (D:4)
  A ball python (D:4)
  3 giant cockroaches
  9 goblins
  5 hobgoblins
  7 jackals (D:1)
  2 quokkas
  6 bats
  5 giant newts
  7 kobolds
  10 rats
88 creatures vanquished.

Notes
Turn   | Place    | Note
--------------------------------------------------------------
     0 | D:1      | Kae, the Tengu Fire Elementalist, began the quest for the Orb.
     0 | D:1      | Reached XP level 1. HP: 10/10 MP: 3/3
   412 | D:1      | Reached XP level 2. HP: 12/15 MP: 5/5
   442 | D:1      | Learned a level 2 spell: Throw Flame
   906 | D:1      | Reached XP level 3. HP: 19/19 MP: 6/6
  1712 | D:2      | Reached skill level 4 in Fire Magic
  1712 | D:2      | Reached XP level 4. HP: 24/24 MP: 5/8
  2094 | D:2      | Learned a level 3 spell: Conjure Flame
  2168 | D:2      | Reached XP level 5. HP: 22/28 MP: 6/11
  2784 | D:3      | Noticed Jessica
  2789 | D:3      | Killed Jessica
  3253 | D:3      | Found a burning altar of Makhleb.
  3253 | D:3      | Noticed a cacodemon
  3508 | D:4      | Reached XP level 6. HP: 32/32 MP: 9/13
  3510 | D:4      | Reached skill level 5 in Fire Magic
  3723 | D:4      | Reached skill level 5 in Conjurations
  3967 | D:4      | Noticed Prince Ribbit
  4083 | D:4      | Noticed Menkaure
  4138 | D:4      | Noticed a slave
  4138 | D:4      | Noticed a slave
  4138 | D:4      | Noticed a slave
  4139 | D:4      | Noticed Pikel
  4142 | D:4      | Noticed a slave
  4180 | D:4      | Killed a slave
  4340 | D:4      | Killed a slave
  4404 | D:4      | Killed a slave
  4780 | D:4      | Noticed Ijyb
  4784 | D:4      | HP: 1/32 [Ijyb/wand of flame (10)]
  4786 | D:4      | Killed from afar by Ijyb

Action                   |  1- 3 |  4- 6 || total
-------------------------+-------+-------++-------
Melee: Dagger            |    46 |    12 ||    58
       Unarmed           |     6 |       ||     6
       Mace              |       |    22 ||    22
 Cast: Flame Tongue      |    39 |   122 ||   161
       Throw Flame       |     1 |     6 ||     7
       Conjure Flame     |       |     7 ||     7
  Use: Potion            |       |     1 ||     1
 Stab: Sleeping          |     1 |       ||     1
